 Dungeon Crawl Stone Soup version 0.30-a0-359-gd0147acb1a (webtiles) character file.

Game seed: 3707705911328818292

1486 freelancePsychic the Covert (level 8, -1/54 HPs)
             Began as an Octopode Monk on Nov 13, 2022.
             Was an Initiate of Gozag.
             Slain by a howler monkey (5 damage)
             ... on level 6 of the Dungeon.
             The game lasted 00:10:34 (5739 turns).

freelancePsychic the Covert (Octopode Monk)         Turns: 5739, Time: 00:10:35

Health: -1/54      AC:  1    Str: 11    XL:     8   Next: 80%
Magic:  17/17      EV: 14    Int: 14    God:    Gozag
Gold:   643        SH:  0    Dex: 14    Spells: 7/7 levels left

rFire   . . .      SeeInvis .    b - +1 dagger (venom)
rCold   . . .      Faith    .    (no shield)
rNeg    . . .      Spirit   .    (helmet restricted)
rPois   .          Reflect  .    (no amulet)
rElec   .          Harm     .    h - ring of magical power
rCorr   .          Rampage  .    (no ring)
Will    .....                    (no ring)
Stlth   +++++.....               (no ring)
HPRegen 0.29/turn                (no ring)
MPRegen 0.15/turn                (no ring)
                                 (no ring)
                                 (no ring)

@: gold aura
A: almost no armour, amphibious, 8 rings, camouflage 1, gelatinous body 1,
(nimble swimmer 1), tentacles
a: Renounce Religion, Potion Petition, Call Merchant, Bribe Branch


You were on level 6 of the Dungeon.
You worshipped Gozag.
Gozag was pleased with you.
You visited 1 branch of the dungeon, and saw 6 of its levels.
You also visited: Sewer.

You collected 643 gold pieces.

Inventory:

Hand Weapons
 a - a +0 short sword
 b - a +1 dagger of venom (weapon)
 l - a +0 short sword of holy wrath
Jewellery
 h - a ring of magical power (left tentacle)
Wands
 g - a wand of iceblast (11)
 x - a wand of flame (18)
Scrolls
 c - a scroll of immolation
 d - 6 scrolls of teleportation {@r4}
 f - 3 scrolls of blinking
 n - 4 scrolls of poison
 v - a scroll of magic mapping
 w - a scroll of identify {@r1}
Potions
 e - 2 potions of ambrosia
 i - a potion of haste {unknown}
 j - a potion of magic {unknown}
 k - 2 potions of attraction
 m - 4 potions of degeneration
 o - a potion of lignification {unknown}
 p - 2 potions of cancellation {unknown}
 q - 2 potions of invisibility {unknown}
 r - 5 potions of flight
 s - a potion of mutation {unknown}
 t - a potion of might {unknown}
 u - 3 potions of curing {@q1}


   Skills:
 + Level 4.7 Fighting
 - Level 5.0 Short Blades
 - Level 3.0 Dodging
 - Level 8.0 Stealth
 * Level 5.0 Conjurations
 * Level 5.0 Air Magic


You had 7 spell levels left.
You didn't know any spells.
Your spell library contained the following spells:

 Spells                   Type           Power      Damage    Failure   Level
 Beastly Appendage        Tmut           0%         N/A       28%         1
 Vhi's Electric Charge    Tloc/Air       14%        N/A       30%         3
 Wereblood                Tmut           0%         N/A       41%         2
 Spider Form              Tmut/Pois      0%         N/A       65%         3
 Arcjolt                  Conj/Air       7%         1d17      71%         5
 Maxwell's Capacitive Co  Air            7%         ∞         100%        8


Dungeon Overview and Level Annotations

Branches:
Dungeon (6/15)             Temple (0/1) D:5           Sewer (visited)

Altars:
Gozag
Hepliaklqana
Qazlal
Trog
Vehumet
Zin

Shops:
D:2 [


Innate Abilities, Weirdness & Mutations

You cannot wear most types of armour.
You are amphibious.
You can wear up to eight rings at the same time.
Your skin changes colour to match your surroundings (Stealth+).
Your rubbery body absorbs attacks. (AC +1, EV +1)
((You are camouflaged when in or above water. (Stealth+)))
You have tentacles for arms and can constrict up to eight enemies at once.


Message History

The orc hits you with a +0 flail!
You hear a shout!
You hear an angry growl.
You hit the orc.
The orc is almost dead.
You constrict the orc.
You kill the orc!
You hit something but do no damage. You closely miss something.
Something hits you.
You hit something. You squeeze something. Something hits you.
You hit something. Your squeeze misses something.
The howler monkey hoots and howls with incredible vigour!
Something hits you.
You hear a shout!
You barely miss something. Your squeeze misses something.
You barely miss something. Something hits you.
You barely miss something.
You hear some strange, mumbled words.
A puff of flame appears from out of thin air!
The puff of flame hits you!
* * * LOW HITPOINT WARNING * * *
You hit something. Your squeeze misses something. You barely miss something.
Reactivating autopickup.
You feel a bit more experienced.
Your Conjurations skill increases to level 5!
Your Air Magic skill increases to level 5!
You hit the howler monkey but do no damage.
The howler monkey is poisoned.
You grab the howler monkey. You constrict the howler monkey.
The howler monkey hits you.
* * * LOW HITPOINT WARNING * * *
You hit the howler monkey.
The howler monkey looks even sicker.
The howler monkey is lightly wounded.
You constrict the howler monkey. The howler monkey hits you!
* * * LOW HITPOINT WARNING * * *
You hit the howler monkey.
The howler monkey looks as sick as possible!
The howler monkey is heavily wounded.
You constrict the howler monkey. The howler monkey hits you.
You die...
Your body crumbles into a pile of gold.

#######
########.....###.
#....@h..........
#######.#######..#...#
#.......# #.## #
######.####### #.h#
.......# #.$$._....
####.### #..#...#..
#........ #.###.##
######### #.. ..# ...
...


You could see a howler monkey (extremely poisoned).

Vanquished Creatures
  Sigmund (D:5)
  Menkaure (D:5)
  A sky beast (D:6)
  A black bear (D:5)
  A phantom (D:4)
  A bullfrog (D:6)
  2 necrophages (D:5)
  3 scorpions
  A jelly (D:6)
  2 orc priests
  A hound (D:5)
  An iguana (D:5)
  4 orc wizards
  14 adders
  4 gnolls (D:3)
  2 river rats (Sewer)
  A shadow imp (D:5)
  2 white imps (D:5)
  A worm (D:3)
  2 dart slugs
  19 orcs
  10 endoplasms
  7 giant cockroaches
  4 goblins
  7 hobgoblins
  7 jackals
  5 kobolds
  8 quokkas
  6 ball pythons
  6 bats
  6 frilled lizards
  5 rats
136 creatures vanquished.

Vanquished Creatures (others)
  3 plants
  8 toadstools (D:6)
11 creatures vanquished.

Grand Total: 147 creatures vanquished

Notes
Turn   | Place    | Note
-------+----------+-------------------------------------------
     0 | D:1      | freelancePsychic the Octopode Monk began the quest for the
                  | Orb.
     0 | D:1      | Reached XP level 1. HP: 16/16 MP: 1/1
   200 | D:1      | Reached skill level 3 in Stealth
   338 | D:1      | Reached XP level 2. HP: 21/21 MP: 1/2
   581 | D:1      | Found a faded altar of an unknown god.
   732 | D:2      | Reached skill level 4 in Stealth
   806 | D:2      | Reached XP level 3. HP: 16/26 MP: 3/3
   977 | D:2      | Found Moott's Antique Armour Boutique.
  1200 | D:2      | Found a glowing silver altar of Zin.
  1485 | D:3      | Reached skill level 5 in Stealth
  1485 | D:3      | Reached XP level 4. HP: 14/31 MP: 4/4
  1841 | D:3      | Reached skill level 6 in Stealth
  1841 | D:3      | Reached XP level 5. HP: 19/36 MP: 5/5
  1981 | D:3      | Found a glowing drain.
  1986 | Sewer    | Entered a sewer
  2372 | Sewer    | Reached skill level 7 in Stealth
  2469 | Sewer    | Reached XP level 6. HP: 42/42 MP: 6/6
  2715 | D:3      | Found a stormy altar of Qazlal.
  2740 | D:3      | Found an opulent altar of Gozag.
  3450 | D:3      | Became a worshipper of Gozag Ym Sagoz the Greedy
  3926 | D:4      | Reached skill level 8 in Stealth
  3941 | D:4      | Reached skill level 5 in Short Blades
  4354 | D:4      | Reached skill level 1 in Conjurations
  4354 | D:4      | Reached skill level 1 in Air Magic
  4354 | D:4      | Reached XP level 7. HP: 46/46 MP: 7/7
  4594 | D:5      | Entered Level 5 of the Dungeon
  4600 | D:5      | Found a staircase to the Ecumenical Temple.
  4987 | D:5      | Found a glowing silver altar of Zin.
  5078 | D:5      | Noticed Sigmund
  5080 | D:5      | Killed Sigmund
  5122 | D:5      | Reached XP level 8. HP: 54/54 MP: 8/8
  5205 | D:5      | Noticed Menkaure
  5209 | D:5      | Killed Menkaure
  5329 | D:5      | Found a bloodstained altar of Trog.
  5452 | D:6      | Found a hazy altar of Hepliaklqana.
  5707 | D:6      | Found a radiant altar of Vehumet.
  5737 | D:6      | Reached skill level 5 in Conjurations
  5737 | D:6      | Reached skill level 5 in Air Magic
  5739 | D:6      | Slain by a howler monkey

Illustrated notes

Levels and vault maps discovered:
D:1:      saegor_arrival_simple_d, layout_basic, basic_ecumenical_altar,
          hex_large
D:2:      layout_basic, basic_altar, serial_shops,
          nicolae_shop_overgrown_old_shop
D:3:      layout_basic, mainiacjoe_overflow_six_doors_small,
          grunt_gozag_breadcrumbs, gup_sewer_entry_bowl, corexii_shack
D:4:      layout_loops_ring
D:5:      layout_loops_cross, nicolae_overflow_crystal_walls,
          trog_butcher_becter, minmay_temple_entry_ruins, st_stairs_13,
          minmay_misc_feat_diagonals, minmay_crystal_water, uniq_sigmund,
          uniq_menkaure
D:6:      cheibrodos_fertilizer, layout_loops_ring,
          mainiacjoe_overflow_small_starburst, vehumet_crystals,
          uniq_blork_the_orc, uniq_eustachio

Skill      XL: |  1  2  3  4  5  6  7  8 |
---------------+-------------------------+-----
Stealth        | 3 4 5 6 7 8 |  8.0
Short Blades   | 4 5 |  5.0
Conjurations   | 1 3 5 |  5.0
Air Magic      | 1 3 5 |  5.0
Fighting       | 4 |  4.7
Dodging        | |  3.0

Action                   |  1- 3 |  4- 6 |  7- 9 || total
-------------------------+-------+-------+-------++-------
Melee: Dagger            |    55 |   172 |    78 ||   305
       Constrict         |    12 |    40 |    10 ||    62
       Tentacles         |    20 |    44 |     8 ||    72
       Short sword       |     1 |       |       ||     1
       Punch             |       |     2 |       ||     2
Throw: Throwing net      |       |     1 |       ||     1
  Use: Scroll            |       |    10 |     5 ||    15
       Potion            |       |     3 |       ||     3
 Stab: Sleeping          |     8 |    19 |    24 ||    51
       Distracted        |       |     1 |     1 ||     2
Armor: Skin              |     2 |     4 |     2 ||     8
Dodge: Dodged            |    14 |    81 |    18 ||   113

Table legend: (Time is in decaauts)
 A = Elapsed time spent in this place.
 B = Non-inter-level travel time spent in this place.
 C = Inter-level travel time spent in this place.
 D = Time resting spent in this place.
 E = Time spent auto-exploring this place.
 F = Levels seen in this place.
 G = Mean time per level.
                   A        B        C        D        E       F      G
               +--------+--------+--------+--------+--------+-----+--------+
         Total |   5674 |   5228 |    446 |    370 |   3623 |   7 |  810.6 |
       Dungeon |   4974 |   4528 |    446 |    270 |   3221 |   6 |  829.0 |
         Sewer |    700 |    700 |      0 |    100 |    402 |   1 |  700.0 |
               +--------+--------+--------+--------+--------+-----+--------+

Top non-repeatable levels by time:
     D:3: 1259 daAuts
     D:4: 971 daAuts
     D:5: 912 daAuts
     D:2: 850 daAuts
     D:1: 766 daAuts
   Sewer: 700 daAuts
     D:6: 213 daAuts
